 Dungeon Crawl Stone Soup version 0.28.0-53-g5a82cb258f (webtiles) character file.

Game seed: 16940853648072601535

107 issech the Chopper (level 4, -2/41 HPs)
             Began as a Minotaur Monk on June 10, 2022.
             Slain by a goblin
             ... wielding a +0 club
             ... led by Robin
              (4 damage)
             ... on level 2 of the Dungeon.
             The game lasted 00:04:44 (1931 turns).

issech the Chopper (Minotaur Monk)                  Turns: 1931, Time: 00:04:45

Health: -2/41      AC:  2    Str: 15    XL:     4   Next: 56%
Magic:  3/3        EV: 13    Int:  7    God:
Gold:   53         SH:  0    Dex: 15    Spells: 3/3 levels left

rFire   . . .      SeeInvis .   a - +0 hand axe
rCold   . . .      Faith    .   (no shield)
rNeg    . . .      Spirit   .   b - +0 robe
rPois   .          Reflect  .   (helmet restricted)
rElec   .          Harm     .   (no cloak)
rCorr   .          Rampage  .   (no gloves)
Will    .....                   (no boots)
Stlth   ++........              (no amulet)
HPRegen 0.13/turn               (no ring)
MPRegen 0.08/turn               (no ring)

@: slowed, very slow
A: horns 2, retaliatory headbutt
a: no special abilities


You were on level 2 of the Dungeon.
You visited 1 branch of the dungeon, and saw 2 of its levels.

You collected 53 gold pieces.

Inventory:

Hand Weapons
 a - a +0 hand axe (weapon)
Missiles
 f - 16 arrows
 g - 21 sling bullets
 i - 44 stones (quivered)
Armour
 b - a +0 robe (worn)
 l - a +0 plate armour
Jewellery
 k - a +6 ring of intelligence
Wands
 m - a wand of flame (18)
Scrolls
 c - a scroll of brand weapon {unknown}
 d - a scroll of teleportation {unknown}
 h - a scroll of holy word {unknown}
Potions
 e - 3 potions of curing {unknown}
 j - a potion of flight {unknown}


   Skills:
 + Level 4.3 Fighting
 + Level 4.9 Axes
 + Level 4.1 Dodging
 + Level 2.2 Stealth


You had 3 spell levels left.
You didn't know any spells.
Your spell library was empty.

Dungeon Overview and Level Annotations

Branches:
Dungeon (2/15)

Altars:

Annotations:
D:2 Natasha, Robin


Innate Abilities, Weirdness & Mutations

You have a pair of horns on your head.
You reflexively headbutt those who attack you in melee.


Message History

a +0 dagger; a +0 club; a +0 club You barely miss the goblin.
The goblin is moderately wounded.
You hit the goblin.
You kill the goblin!
The goblin no longer looks unusually strong.
The goblin hits you with a +0 club.
Robin hits you from afar with a +0 spear.
You hit the goblin but do no damage.
The goblin is moderately wounded.
You closely miss Natasha.
The goblin no longer looks unusually strong.
Natasha stares at you and mumbles some strange words.
You feel yourself slow down. The goblin closely misses you.
Robin says, "Feeling lonely?"
Robin misses you. Natasha barely misses you.
You hit the goblin.
You kill the goblin!
You barely miss Natasha. Robin closely misses you. Natasha claws you.
You hit Natasha but do no damage. Robin throws the goblin at you!
The goblin hits you with a +0 club.
* * * LOW HITPOINT WARNING * * *
Natasha completely misses you. Robin closely misses you.
The goblin barely misses you.
Natasha zaps a wand.
You resist with some effort.
You hit Natasha.
Natasha is moderately wounded.
You hit the goblin but do no damage.
Robin roars a battlecry!
The goblin goes into a battle-frenzy!
The goblin closely misses you. Natasha claws you.
* * * LOW HITPOINT WARNING * * *
You closely miss Natasha.
Natasha is moderately wounded.
You hit the goblin but do no damage. Robin barely misses you.
The goblin misses you.
Natasha mumbles some strange words.
Robin hits you from afar with a +0 spear.
* * * LOW HITPOINT WARNING * * *
The goblin hits you with a +0 club.
You die...

########## ###########.........
........##.5)..g.g.....
...........5g..# #..#
#####.##.###h#### #..# ..#
#.##.###@# # #..# # # #.#
#.#...##g######.#..#### .#. #.#
#......#........#..... #
#.###.###...................###.#
.......##..)...###.###......#....
#.........#....# ...............
#.###..##..#.#.# .###.###.##.#.#
.........#.####.. # #. #.##^#.#
..###..#.#.# .... #.###g##.#.#


You could see Robin, Natasha, a crimson imp (summoned), a white imp (summoned)
and a goblin (strong).

Vanquished Creatures
  Natasha (twice) (D:2)
  2 adders (D:2)
  2 ball pythons (D:2)
  2 endoplasms (D:1)
  5 giant cockroaches
  2 hobgoblins
  3 kobolds
  A quokka (D:1)
  A frilled lizard (D:1)
  12 goblins
  4 rats
36 creatures vanquished.

Vanquished Creatures (others)
  A withered plant (D:1)
1 creature vanquished.

Grand Total: 37 creatures vanquished

Notes
Turn   | Place    | Note
-------+----------+-------------------------------------------
     0 | D:1      | issech the Minotaur Monk began the quest for the Orb.
     0 | D:1      | Reached XP level 1. HP: 19/19 MP: 0/0
   229 | D:1      | Reached XP level 2. HP: 26/27 MP: 1/1
   303 | D:1      | You fall into a shaft and drop 1 floor!
   851 | D:1      | Reached XP level 3. HP: 33/33 MP: 2/2
   942 | D:1      | Found a faded altar of an unknown god.
  1270 | D:2      | Noticed Natasha
  1283 | D:2      | Killed Natasha
  1427 | D:2      | Noticed Natasha
  1475 | D:2      | Killed Natasha
  1476 | D:2      | Reached XP level 4. HP: 5/40 MP: 3/3
  1597 | D:2      | Noticed Natasha
  1911 | D:2      | Noticed Robin
  1931 | D:2      | HP: 2/41 [Robin/+0 spear (3)]
  1931 | D:2      | Slain by a goblin

Illustrated notes

Levels and vault maps discovered:
D:1:      lightli_arrival_statuegarden, layout_basic,
          ebering_ecumenical_altar_petrified
D:2:      layout_loops_ring, serial_shops, shop, kennysheep_nondescript,
          uniq_robin, uniq_natasha

Skill      XL: |  1  2  3 |
---------------+----------+-----
Axes           | 4 |  4.9
Fighting       | 4 |  4.3
Stealth        | 2 |  2.2
Dodging        | 4 |  4.1

Action                   |  1- 3 |  4- 6 || total
-------------------------+-------+-------++-------
Melee: Hand axe          |    60 |    20 ||    80
       Headbutt          |    12 |     3 ||    15
       Punch             |       |     1 ||     1
 Stab: Sleeping          |     3 |       ||     3
Armor: Robe              |     7 |     2 ||     9
Dodge: Dodged            |    39 |    18 ||    57
